SAL
KANNAPOLIS INTIMIDATORS @ WEST VIRGINIA POWER
06/19/2098
 
TOP OF THE 1ST
Kannapolis Intimidators batting - Pitching for West Virginia Power : LHP Alex Santana
Pitching: LHP Alex Santana
Batting: RHB John Iglesias 0-0: Ball
1-0: Called Strike
1-1: Foul Ball, location: 23F
1-2: Ball
2-2: Ball
3-2: Fly out, F4 (Popup, 4D, EV 63.1 MPH)
Batting: RHB Jon Newell 0-0: Ball
1-0: Ground out 2-3 (Groundball, 13S, EV 69.4 MPH)
Batting: RHB Justin McWilliams 0-0: Fly out, F8 (Flyball, 8LD, EV 95.0 MPH)
Top of the 1st over - 0 runs, 0 hits, 0 errors, 0 left on base; Kannapolis 0 - West Virginia 0
BOTTOM OF THE 1ST
West Virginia Power batting - Pitching for Kannapolis Intimidators : LHP Mel Cruz
Pitching: LHP Mel Cruz
Batting: LHB Orlando Vega 0-0: Swinging Strike
0-1: Called Strike
0-2: Foul Ball, location: 7LDF
0-2: Strikes out swinging
Batting: RHB Brian Chisholm 0-0: Called Strike
0-1: Ball
1-1: Fly out, F8 (Line Drive, 8RD, EV 91.3 MPH)
Batting: RHB Bryan Gibson 0-0: Ball
1-0: Ball
2-0: Ball
3-0: Base on Balls
Batting: SHB Ken Campbell 0-0: Ball
1-0: Ball
2-0: Ball
3-0: Called Strike
3-1: Fly out, F4 (Popup, 34D, EV 54.4 MPH)
Bottom of the 1st over - 0 runs, 0 hits, 0 errors, 1 left on base; Kannapolis 0 - West Virginia 0
TOP OF THE 2ND
Kannapolis Intimidators batting - Pitching for West Virginia Power : LHP Alex Santana
Batting: RHB Aaron Morgan 0-0: Ball
1-0: Ball
2-0: Called Strike
2-1: Foul Ball, location: 25F
2-2: Strikes out swinging
Batting: LHB Chris Fries 0-0: Called Strike
0-1: Called Strike
0-2: Ball
1-2: Ball
2-2: SINGLE (Line Drive, 9S, EV 100.0 MPH)
Batting: RHB Jon Arroyo 0-0: Foul Ball, location: 25FF
0-1: Called Strike
0-2: Grounds into double play, 5-4-3 (Groundball, 56, EV 96.3 MPH)
Top of the 2nd over - 0 runs, 1 hit, 0 errors, 0 left on base; Kannapolis 0 - West Virginia 0
BOTTOM OF THE 2ND
West Virginia Power batting - Pitching for Kannapolis Intimidators : LHP Mel Cruz
Batting: RHB Luis Pena 0-0: Ball
1-0: Foul Ball, location: 7LDF
1-1: Ball
2-1: Called Strike
2-2: Ball
3-2: Fly out, F8 (Flyball, 8RD, EV 100.6 MPH)
Batting: SHB Jimmy Lucas 0-0: Ground out 6-3 (Groundball, 6, EV 105.6 MPH)
Batting: RHB Stuart Steitz 0-0: Ball
1-0: Called Strike
1-1: Called Strike
1-2: Strikes out looking
Bottom of the 2nd over - 0 runs, 0 hits, 0 errors, 0 left on base; Kannapolis 0 - West Virginia 0
TOP OF THE 3RD
Kannapolis Intimidators batting - Pitching for West Virginia Power : LHP Alex Santana
Batting: RHB Matt Schmidl 0-0: Ground out 1-3 (Groundball, P, EV 63.8 MPH)
Batting: RHB Bryce Spraggins 0-0: Ball
1-0: Foul Ball, location: 2F
1-1: Ground out 6-3 (Groundball, 6, EV 88.8 MPH)
Batting: RHB Travis Christensen 0-0: Ball
1-0: Foul Ball, location: 2F
1-1: Foul Ball, location: 3SF
1-2: Ball
2-2: Ball
3-2: Fly out, F8 (Flyball, 89S, EV 96.9 MPH)
Top of the 3rd over - 0 runs, 0 hits, 0 errors, 0 left on base; Kannapolis 0 - West Virginia 0
BOTTOM OF THE 3RD
West Virginia Power batting - Pitching for Kannapolis Intimidators : LHP Mel Cruz
Batting: RHB Jim Arnold 0-0: Fly out, F9 (Line Drive, 9, EV 92.5 MPH)
Batting: RHB Freddy Castellanos 0-0: DOUBLE (Flyball, 8LXD, EV 98.1 MPH)
Batting: LHB Orlando Vega 0-0: Ball
1-0: Ball
2-0: Called Strike
2-1: Ball
3-1: Ground out U3 (Groundball, 34S, EV 83.1 MPH)
Freddy Castellanos to third
Batting: RHB Brian Chisholm 0-0: Ground out 6-3 (Groundball, 6, EV 83.1 MPH)
Bottom of the 3rd over - 0 runs, 1 hit, 0 errors, 1 left on base; Kannapolis 0 - West Virginia 0
TOP OF THE 4TH
Kannapolis Intimidators batting - Pitching for West Virginia Power : LHP Alex Santana
Batting: RHB John Iglesias 0-0: Foul Ball, location: 7LDF
0-1: Foul Ball, location: 2F
0-2: Fly out, F9 (Line Drive, 9, EV 106.9 MPH)
Batting: RHB Jon Newell 0-0: Ground out 5-3 (Groundball, 5L, EV 81.3 MPH)
Batting: RHB Justin McWilliams 0-0: Called Strike
0-1: Ball
1-1: Ball
2-1: Foul Ball, location: 25FF
2-2: Foul Ball, location: 3DF
2-2: Ball
3-2: Fly out, F8 (Flyball, 89M, EV 91.3 MPH)
Top of the 4th over - 0 runs, 0 hits, 0 errors, 0 left on base; Kannapolis 0 - West Virginia 0
BOTTOM OF THE 4TH
West Virginia Power batting - Pitching for Kannapolis Intimidators : LHP Mel Cruz
Batting: RHB Bryan Gibson 0-0: Ball
1-0: Ground out 6-3 (Groundball, 6, EV 94.4 MPH)
Batting: SHB Ken Campbell 0-0: Ball
1-0: Ball
2-0: Swinging Strike
2-1: Swinging Strike
2-2: Strikes out swinging
Batting: RHB Luis Pena 0-0: Foul Ball, location: 9LDF
0-1: Ground out 1-3 (Groundball, 13S, EV 66.3 MPH)
Bottom of the 4th over - 0 runs, 0 hits, 0 errors, 0 left on base; Kannapolis 0 - West Virginia 0
TOP OF THE 5TH
Kannapolis Intimidators batting - Pitching for West Virginia Power : LHP Alex Santana
Batting: RHB Aaron Morgan 0-0: Ball
1-0: Called Strike
1-1: Foul Ball, location: 2F
1-2: Strikes out swinging
Batting: LHB Chris Fries 0-0: Called Strike
0-1: Ball
1-1: Ball
2-1: Fly out, F7 (Flyball, 7S, EV 93.8 MPH)
Batting: RHB Jon Arroyo 0-0: Ball
1-0: Fly out, F9 (Flyball, 9, EV 86.9 MPH)
Top of the 5th over - 0 runs, 0 hits, 0 errors, 0 left on base; Kannapolis 0 - West Virginia 0
BOTTOM OF THE 5TH
West Virginia Power batting - Pitching for Kannapolis Intimidators : LHP Mel Cruz
Batting: SHB Jimmy Lucas 0-0: Called Strike
0-1: Foul Ball, location: 25F
0-2: Ground out 6-3 (Groundball, 6, EV 88.1 MPH)
Batting: RHB Stuart Steitz 0-0: Foul Ball, location: 2F
0-1: Swinging Strike
0-2: Strikes out swinging
Batting: RHB Jim Arnold 0-0: Ball
1-0: Ball
2-0: Called Strike
2-1: Ball
3-1: DOUBLE (Line Drive, 89D, EV 103.1 MPH)
Batting: RHB Freddy Castellanos 0-0: Called Strike
0-1: Ground out 1-3 (Groundball, 34S, EV 72.5 MPH)
Bottom of the 5th over - 0 runs, 1 hit, 0 errors, 1 left on base; Kannapolis 0 - West Virginia 0
TOP OF THE 6TH
Kannapolis Intimidators batting - Pitching for West Virginia Power : LHP Alex Santana
Batting: RHB Matt Schmidl 0-0: Called Strike
0-1: SINGLE (Line Drive, 9S, EV 96.9 MPH)
Batting: RHB Bryce Spraggins 0-0: Ball
1-0: Sac Bunt to 23 - play at first, batter safe!
Matt Schmidl to second
Batting: RHB Travis Christensen 0-0: Ball
1-0: Fly out, F8 (Flyball, 8LXD, EV 97.5 MPH)
Runner from 2nd tags up, SAFE at 3rd, no throw by CF
Batting: RHB John Iglesias 0-0: Ball
1-0: Ball
2-0: Ball
3-0: Base on Balls
Bryce Spraggins to second
Pitching: RHP Angel Rascon
Batting: RHB Jon Newell 0-0: Called Strike
0-1: Foul Ball, location: 5FF
0-2: Strikes out swinging
Batting: RHB Justin McWilliams 0-0: Ball
1-0: Ball
2-0: Ball
3-0: Base on Balls
Matt Schmidl scores
Bryce Spraggins to third
John Iglesias to second
Batting: RHB Aaron Morgan 0-0: Called Strike
0-1: Ball
1-1: Ball
2-1: Ball
3-1: DOUBLE (Line Drive, 9LM, EV 103.8 MPH)
Bryce Spraggins scores
John Iglesias scores
Justin McWilliams to third
Batting: LHB Chris Fries 0-0: Ball
1-0: Ball
2-0: Called Strike
2-1: Fly out, F7 (Flyball, 78D, EV 111.9 MPH)
Top of the 6th over - 3 runs, 3 hits, 0 errors, 2 left on base; Kannapolis 3 - West Virginia 0
BOTTOM OF THE 6TH
West Virginia Power batting - Pitching for Kannapolis Intimidators : LHP Mel Cruz
Batting: LHB Orlando Vega 0-0: Ground out 4-3 (Groundball, 4, EV 81.9 MPH)
Batting: RHB Brian Chisholm 0-0: Called Strike
0-1: Foul Ball, location: 2F
0-2: Ball
1-2: Foul Ball, location: 7LMF
1-2: Fly out, F2 (Popup, 23F, EV 90.0 MPH)
Batting: RHB Bryan Gibson 0-0: Foul Ball, location: 7LMF
0-1: Called Strike
0-2: Ball
1-2: Strikes out swinging
Bottom of the 6th over - 0 runs, 0 hits, 0 errors, 0 left on base; Kannapolis 3 - West Virginia 0
TOP OF THE 7TH
Kannapolis Intimidators batting - Pitching for West Virginia Power : RHP Angel Rascon
Batting: RHB Jon Arroyo 0-0: Called Strike
0-1: Foul Ball, location: 3SF
0-2: Ball
1-2: Foul Ball, location: 25F
1-2: Ground out U3 (Groundball, 34S, EV 84.4 MPH)
Batting: RHB Matt Schmidl 0-0: Ball
1-0: Ball
2-0: Ground out 4-3 (Groundball, 4, EV 83.1 MPH)
Batting: RHB Bryce Spraggins 0-0: Ball
1-0: Ball
2-0: Foul Ball, location: 3SF
2-1: Called Strike
2-2: SINGLE (Line Drive, 9S, EV 89.4 MPH)
Pitching: LHP Victor Reyes
Batting: RHB Travis Christensen 0-0: Ball
1-0: Foul Ball, location: 7LMFF
1-1: Swinging Strike
1-2: Strikes out looking
Top of the 7th over - 0 runs, 1 hit, 0 errors, 1 left on base; Kannapolis 3 - West Virginia 0
BOTTOM OF THE 7TH
West Virginia Power batting - Pitching for Kannapolis Intimidators : LHP Mel Cruz
Batting: SHB Ken Campbell 0-0: Swinging Strike
0-1: Ball
1-1: Swinging Strike
1-2: Ball
2-2: Fly out, F4 (Popup, 4M, EV 58.8 MPH)
Batting: RHB Luis Pena 0-0: Called Strike
0-1: Swinging Strike
0-2: Fly out, F9 (Flyball, 9D, EV 91.3 MPH)
Batting: SHB Jimmy Lucas 0-0: Ball
1-0: SINGLE (Groundball, 56D, EV 101.9 MPH)
Batting: RHB Stuart Steitz 0-0: Called Strike
0-1: Fly out, F7 (Line Drive, 78S, EV 93.1 MPH)
Bottom of the 7th over - 0 runs, 1 hit, 0 errors, 1 left on base; Kannapolis 3 - West Virginia 0
TOP OF THE 8TH
Kannapolis Intimidators batting - Pitching for West Virginia Power : LHP Victor Reyes
Batting: RHB John Iglesias 0-0: Swinging Strike
0-1: Foul Ball, location: 9LDF
0-2: Ball
1-2: Foul Ball, location: 2F
1-2: Ball
2-2: Reached on error, E6 (Groundball, 6, EV 91.3 MPH)
Batting: RHB Jon Newell 0-0: Ball
1-0: SINGLE (Groundball, 6, EV 86.9 MPH)
John Iglesias to second
Batting: RHB Justin McWilliams 0-0: Fly out, F9 (Flyball, 9D, EV 88.1 MPH)
Batting: RHB Aaron Morgan 0-0: Fly out, F7 (Flyball, 7D, EV 102.5 MPH)
Runner from 2nd tags up, SAFE at 3rd, no throw by LF
Batting: LHB Chris Fries 0-0: SINGLE (Line Drive, 6D, EV 99.4 MPH)
John Iglesias scores
Jon Newell to second
Batting: RHB Jon Arroyo 0-0: Ball
1-0: Called Strike
1-1: Fly out, F8 (Flyball, 89M, EV 95.6 MPH)
Top of the 8th over - 1 run, 2 hits, 1 error, 2 left on base; Kannapolis 4 - West Virginia 0
BOTTOM OF THE 8TH
West Virginia Power batting - Pitching for Kannapolis Intimidators : LHP Mel Cruz
Batting: RHB Jim Arnold 0-0: Ball
1-0: Foul Ball, location: 2F
1-1: Swinging Strike
1-2: Ball
2-2: Ball
3-2: Foul Ball, location: 23F
3-2: Foul Ball, location: 2F
3-2: Foul Ball, location: 2F
3-2: Ground out 1-3 (Groundball, 13S, EV 68.8 MPH)
Batting: RHB Freddy Castellanos 0-0: Called Strike
0-1: Fly out, F9 (Flyball, 9D, EV 96.9 MPH)
Batting: LHB Orlando Vega 0-0: Ground out 4-3 (Groundball, 4M, EV 98.8 MPH)
Bottom of the 8th over - 0 runs, 0 hits, 0 errors, 0 left on base; Kannapolis 4 - West Virginia 0
TOP OF THE 9TH
Kannapolis Intimidators batting - Pitching for West Virginia Power : LHP Victor Reyes
Batting: RHB Matt Schmidl 0-0: Ball
1-0: Ball
2-0: Foul Ball, location: 25FF
2-1: Fly out, F7 (Flyball, 7, EV 87.5 MPH)
Batting: RHB Bryce Spraggins 0-0: Foul Ball, location: 3SF
0-1: Ball
1-1: Foul Ball, location: 2F
1-2: Strikes out looking
Batting: RHB Travis Christensen 0-0: Ball
1-0: Called Strike
1-1: Called Strike
1-2: Ball
2-2: Ball
3-2: Strikes out looking
Top of the 9th over - 0 runs, 0 hits, 0 errors, 0 left on base; Kannapolis 4 - West Virginia 0
BOTTOM OF THE 9TH
West Virginia Power batting - Pitching for Kannapolis Intimidators : LHP Mel Cruz
Batting: RHB Brian Chisholm 0-0: Foul Ball, location: 9LDF
0-1: Swinging Strike
0-2: Ball
1-2: Fly out, F8 (Flyball, 8RD, EV 98.1 MPH)
Pitching: RHP Bob Renny
Pinch Hitting: RHB Alejandro Fernandez 0-0: Ball
1-0: Ball
2-0: Foul Ball, location: 9LSF
2-1: Ground out 6-3 (Groundball, 6MS, EV 67.5 MPH)
Batting: SHB Ken Campbell 0-0: Swinging Strike
0-1: Ground out 1-3 (Groundball, 13S, EV 68.8 MPH)
Bottom of the 9th over - 0 runs, 0 hits, 0 errors, 0 left on base; Kannapolis 4 - West Virginia 0
Sunday, April 7th , 2024 - OOTP Baseball 24.11 Build 85